 Dungeon Crawl Stone Soup version 0.21.1-1-g345015fe64 (webtiles) character file.

114 Knicklaso the Magician (level 4, 0/38 HPs)
             Began as a Demonspawn Wanderer on Apr 16, 2018.
             Slain by an ogre
             ... wielding a +0 giant spiked club
              (27 damage)
             ... on level 3 of the Dungeon.
             The game lasted 00:07:26 (3864 turns).

Knicklaso the Magician (Demonspawn Wanderer)        Turns: 3864, Time: 00:07:27

Health: 0/38       AC: 10    Str: 12    XL:     4   Next: 66%
Magic:  11/11      EV:  8    Int: 16    God:
Gold:   80         SH:  0    Dex: 11    Spells: 13/13 levels left

rFire    . . .     SeeInvis .     - Unarmed
rCold    . . .     Gourm    .   (no shield)
rNeg     . . .     Faith    .   a - +2 scale mail
rPois    .         Spirit   .   (no helmet)
rElec    .         Reflect  .   (no cloak)
rCorr    .         Harm     .   (no gloves)
MR       .....                  (no boots)
Stlth    ..........             (no amulet)
HPRegen  0.12/turn              (no ring)
MPRegen  0.12/turn              (no ring)

@: no status effects
A: rugged brown scales 2
a: no special abilities


You were on level 3 of the Dungeon.
You were not hungry.

You visited 1 branch of the dungeon, and saw 3 of its levels.

You collected 80 gold pieces.

Inventory:

Hand Weapons
 l - a +0 hunting sling
Missiles
 i - a throwing net (quivered)
 n - 39 stones
Armour
 a - a +2 scale mail (worn)
Jewellery
 r - an uncursed amulet of guardian spirit {unknown}
Scrolls
 h - 3 scrolls of identify {unknown}
 j - a scroll of enchant armour {unknown}
 m - a scroll of amnesia {unknown}
 o - a scroll of teleportation {unknown}
Potions
 d - 2 potions of curing {unknown}
 e - 2 potions of lignification {unknown}
 g - 2 potions of haste {unknown}
 k - a potion of brilliance {unknown}
 p - a potion of agility {unknown}
 q - a potion of resistance {unknown}
Books
 b - the Catalogue of the Birds

   Spells                             Type                      Level
   a - Swiftness                      Charms/Air                   2
   b - Poisonous Vapours              Poison/Air                   2
 c - the Almanac of Boosts

   Spells                             Type                      Level
   a - Swiftness                      Charms/Air                   2
   b - Shroud of Golubria             Charms/Translocation         2
Comestibles
 f - 2 rations


   Skills:
 + Level 3.7 Fighting
 - Level 1.0 Armour
 + Level 2.6 Unarmed Combat
 - Level 5.0 Spellcasting
   Level 2.0 Evocations


You had 13 spell levels left.
You didn't know any spells.

Dungeon Overview and Level Annotations

Branches:
Dungeon (3/15)

Altars:


Innate Abilities, Weirdness & Mutations

You are mostly covered in rugged brown scales. (AC +2, +5% HP)


Message History

The ogre is lightly wounded.
The ogre barely misses you.
You hit the ogre.
The ogre is lightly wounded.
You hit the ogre.
The ogre is moderately wounded.
The ogre hits you with a giant spiked club!
You closely miss the ogre.
The ogre is moderately wounded.
The ogre hits you but does no damage.
You hit the ogre.
The ogre is moderately wounded.
You hit the ogre.
The ogre is moderately wounded.
The ogre barely misses you.
You hit the ogre.
The ogre is heavily wounded.
The ogre hits you with a giant spiked club!!
Ouch! That really hurt!
You die...

....'.#.#.......#
#...#.#.#.####..#
#...#.#.#.# #..#
#...#.#.#.####..######
#...#.#.#.#.##O.......
#...#.#.#.#....#######
#...#O#.#.#.#### #...
#####.#.#......###.##
#####.#.#...#..O@...#
......#.#..O######..#
.####.#O#...<.####..#
.######.#...........#
....#.#.#.#########.###.##
###.#>..#<...†...O.........
#.#...###.#######.###.###
#.###.#..... #.#
#.(...#.#.### #.#


You could see an ogre.

Vanquished Creatures
  5 adders
  2 oozes (D:2)
  2 dart slugs
  A leopard gecko (D:1)
  3 giant cockroaches
  5 hobgoblins
  4 jackals (D:2)
  2 ball pythons
  6 bats
  9 frilled lizards
  9 goblins
  6 kobolds
  5 rats
59 creatures vanquished.

Notes
Turn   | Place    | Note
-------+----------+-------------------------------------------
     0 | D:1      | Knicklaso the Demonspawn Wanderer began the quest for the Orb.
     0 | D:1      | Knicklaso set off with: a +2 scale mail, the Catalogue of the Birds, the Almanac of Boosts, a +0 club, a ration
     0 | D:1      | Reached XP level 1. HP: 16/16 MP: 6/6
   332 | D:1      | Reached skill level 1 in Unarmed Combat
   332 | D:1      | Gained mutation: You are partially covered in rugged brown scales. (AC +1, +3% HP) [demonic ancestry]
   332 | D:1      | Reached XP level 2. HP: 14/23 MP: 8/8
  1018 | D:1      | Reached XP level 3. HP: 28/28 MP: 9/9
  2664 | D:2      | Gained mutation: You are mostly covered in rugged brown scales. (AC +2, +5% HP) [demonic ancestry]
  2664 | D:2      | Reached XP level 4. HP: 22/36 MP: 11/11
  3471 | D:3      | Noticed an ogre
  3839 | D:2      | Identified the Catalogue of the Birds
  3839 | D:2      | Identified the Almanac of Boosts
  3864 | D:3      | Slain by an ogre

Skill      XL: |  1  2  3 |
---------------+----------+-----
Unarmed Combat | 1 2 |  2.6
Fighting       | 3 |  3.7
Armour         | |  1.0
Spellcasting   | |  5.0
Evocations     | |  2.0

Action                   |  1- 3 |  4- 6 || total
-------------------------+-------+-------++-------
Melee: Unarmed           |   265 |   112 ||   377
  Eat: Chunk             |     2 |     2 ||     4
       Ration            |     1 |     1 ||     2
Armor: Scale mail        |   129 |   102 ||   231
Dodge: Dodged            |    94 |    88 ||   182
